 Dungeon Crawl Stone Soup version 0.30-a0-23-ge60ba3568b (webtiles) character file.

Game seed: 2172796245056552658

2478 chakani the Slicer (level 9, -3/33 (42) HPs)
             Began as a Vine Stalker Brigand on Aug 25, 2022.
             Was a Follower of Makhleb.
             Slain by a wight
             ... wielding a +0 halberd
              (6 damage)
             ... on level 8 of the Dungeon.
             The game lasted 00:10:09 (6849 turns).

chakani the Slicer (Vine Stalker Brigand)           Turns: 6849, Time: 00:10:09

HP:   -3/33 (42)    AC:  9    Str: 14    XL:     9   Next: 51%
MP:   0/10          EV: 12    Int: 15    God:    Makhleb [*.....]
Gold: 438           SH:  0    Dex: 22    Spells: 6/8 levels left

rFire   . . .      SeeInvis .    y - +1 dagger (venom)
rCold   . . .      Faith    .    (no shield)
rNeg    . . .      Spirit   +    L - +0 steam dragon scales
rPois   .          Reflect  .    (no helmet)
rElec   .          Harm     .    C - +1 cloak {Stlth+}
rCorr   .          Rampage  .    k - +1 pair of gloves
Will    +....                    (no boots)
Stlth   +++++.....               (no amulet)
HPRegen 0.91/turn                f - ring of wizardry
MPRegen 0.12/turn                i - +6 ring of dexterity

@: heavily drained
A: fangs 3, regeneration 1, magic shield, antimagic bite, no potion heal 2
a: Renounce Religion


You were on level 8 of the Dungeon.
You worshipped Makhleb.
Makhleb was aware of your devotion.
You visited 2 branches of the dungeon, and saw 9 of its levels.

You collected 438 gold pieces.

Inventory:

Hand Weapons
 a - a +2 dagger
 y - a +1 dagger of venom (weapon)
 D - the +7 hammer "Bippung" {holy, *Rage rF+ Dex+4}
   (You found it on level 4 of the Dungeon)

   It has been blessed by the Shining One to cause great damage to the undead
   and demons.
   Dex:       It affects your dexterity (+4).
   rF:        It protects you from fire.
   *Rage:     It berserks you when you make melee attacks (+20% chance).
 E - a +4 dagger
 N - a +2 rapier of distortion
Missiles
 d - 29 poisoned darts (quivered)
 e - 4 curare-tipped darts
Armour
 k - a +1 pair of gloves (worn)
 C - a +1 cloak of stealth (worn)
 L - +0 steam dragon scales (worn)
Jewellery
 f - a ring of wizardry (left hand)
 i - a +6 ring of dexterity (right hand)
 F - a ring of flight
 H - a ring of ice
 I - a +6 ring of dexterity
Wands
 u - a wand of flame (11)
 A - a wand of mindburst (11)
 O - a wand of paralysis (12)
Scrolls
 j - 2 scrolls of enchant weapon {unknown}
 m - 5 scrolls of identify {unknown}
 o - a scroll of enchant armour {unknown}
 p - 2 scrolls of vulnerability {unknown}
 q - 3 scrolls of teleportation {unknown}
 s - 2 scrolls of magic mapping {unknown}
 v - a scroll of fear {unknown}
 x - a scroll of blinking {unknown}
 z - a scroll of fog {unknown}
 G - a scroll of brand weapon {unknown}
 M - a scroll of immolation {unknown}
Potions
 c - 2 potions of brilliance {unknown}
 g - a potion of mutation {unknown}
 h - 3 potions of ambrosia {unknown}
 l - a potion of might
 n - 2 potions of magic
 r - 2 potions of attraction {unknown}
 t - 4 potions of heal wounds {unknown}
 w - 6 potions of curing
 B - 4 potions of lignification {unknown}
 J - a potion of resistance {unknown}
 K - a potion of haste {unknown}


   Skills:
 - Level 1.9 Fighting
 - Level 9.0 Short Blades
 - Level 1.9 Throwing
 - Level 1.0 Dodging
 - Level 7.0 Stealth
 + Level 6.9 Ice Magic


You had 6 spell levels left.
You knew the following spells:

 Your Spells              Type           Power      Damage    Failure   Level
a - Ensorcelled Hibernat  Hex/Ice        20%        N/A       4%          2

Your spell library contained the following spells:

 Spells                   Type           Power      Damage    Failure   Level
 Call Canine Familiar     Summ           0%         N/A       32%         3
 Gell's Gravitas          Tloc           0%         N/A       32%         3
 Lesser Beckoning         Tloc           0%         N/A       32%         3
 Portal Projectile        Hex/Tloc       0%         N/A       32%         3
 Spider Form              Tmut/Pois      0%         N/A       32%         3
 Teleport Other           Tloc           0%         N/A       32%         3
 Anguish                  Hex/Necr       0%         N/A       69%         4
 Leda's Liquefaction      Hex/Erth       0%         N/A       69%         4


Dungeon Overview and Level Annotations

Branches:
Dungeon (8/15)             Temple (1/1) D:5
   Lair: D:8-11

Altars:
Ashenzari
Cheibriados
Dithmenos
Elyvilon
Fedhas
Gozag
Hepliaklqana
Makhleb
Nemelex Xobeh
Okawaru
Qazlal
Ru
Sif Muna
Trog
Uskayaw
Vehumet
Wu Jian
Xom
Yredelemnul
Zin
The Shining One
Lugonu

Portals:
Abyss: D:7


Innate Abilities, Weirdness & Mutations

You have razor-sharp teeth.
Your natural rate of healing is unusually fast.
When hurt, damage is shared between your health and your magic reserves.
Your bite disrupts and absorbs the magic of your enemies.
Potions cannot restore your health.


Message History

Found an escape hatch in the floor.
A wight is nearby!
You hit the wight but do no damage. The wight barely misses you.
You hit the wight. You bite the wight. You drain its power.
The wight is heavily damaged.
You barely miss the wight. Your bite misses the wight.
The wight is heavily damaged.
The wight hits you from afar with a +0 halberd!
You feel drained. The wight hits you with a +4 hand axe!
You feel drained.
You barely miss the wight. You bite the wight. You drain its power.
You feel invigorated.
The wight is heavily damaged.
You hit the wight but do no damage.
The wight is heavily damaged.
The wight hits you with a +4 hand axe.
You feel drained.
The wight hits you from afar with a +0 halberd.
You feel drained.
You completely miss the wight. Your bite misses the wight.
The wight is heavily damaged.
The wight hits you with a +4 hand axe.
The wight hits you from afar with a +0 halberd!
* * * LOW HITPOINT WARNING * * *
You feel drained.
* * * LOW HITPOINT WARNING * * *
The wight attacks as you move away! The wight hits you with a +4 hand axe.
* * * LOW HITPOINT WARNING * * *
You feel drained.
* * * LOW HITPOINT WARNING * * *
Okay, then.
You have no ailments to cure.
Unknown command.
As you read the scroll labelled QINIYL HOAFF, it crumbles to dust.
You hear a loud clanging noise!
It was a scroll of noise.
You hear a croak.
Something shouts, "Slither hence, thou rank idle-headed measle!"
You hear an angry hiss.
You hear an angry growl.
You hear a bellow!
The wight misses you.
The wight hits you from afar with a +0 halberd.
You die...

.#..... .# ........# #.#
.....##.# #.# #..>.##.#
#.##### #..#.##.# #.##...
#.##.##.# #.#.... ##
#.##.##.#####.#..##
#.##?............#..# #
#...@#.##.####.....# #.##
##.z##.##.# #.##..#
#...#####z##.#... #.##..#
#..#.$..z###...... ....#.#
#.....#......#...####.#..#
#.#..?.........## .....
####.####.#### #..###
#.####.# # .. #......# ..#


You could see 3 wights.

Vanquished Creatures
  2 steam dragons
  2 water moccasins
  2 ice beasts
  An orc warrior (D:7)
  A black bear (D:5)
  A sky beast (D:7)
  An ogre (D:6)
  2 phantoms (D:6)
  4 kobold brigands
  A necrophage (D:7)
  2 bullfrogs
  2 howler monkeys (D:7)
  3 hounds
  3 jellies
  Crazy Yiuf (D:4)
  3 orc priests (D:5)
  Jessica (D:3)
  2 iguanas (D:5)
  5 orc wizards
  Robin (D:4)
  7 gnolls
  5 adders
  A white imp (D:6)
  A worm (D:2)
  2 dart slugs
  29 orcs
  5 ball pythons
  4 bats
  3 endoplasms
  7 goblins (D:4)
  12 hobgoblins
  3 quokkas
  11 frilled lizards
  13 kobolds
  9 rats
152 creatures vanquished.

Vanquished Creatures (others)
  A bush (D:3)
  2 fungi (D:4)
  16 plants
19 creatures vanquished.

Grand Total: 171 creatures vanquished

Notes
Turn   | Place    | Note
-------+----------+-------------------------------------------
     0 | D:1      | chakani the Vine Stalker Brigand began the quest for the
                  | Orb.
     0 | D:1      | Reached XP level 1. HP: 11/11 MP: 2/2
   105 | D:1      | Reached skill level 1 in Dodging
   105 | D:1      | Reached XP level 2. HP: 2/15 MP: 3/3
   117 | D:1      | Reached skill level 2 in Short Blades
  1284 | D:2      | Found a faded altar of an unknown god.
  1326 | D:2      | Reached skill level 5 in Stealth
  1362 | D:2      | Reached XP level 3. HP: 18/18 MP: 4/4
  1431 | D:2      | Found a snail-covered altar of Cheibriados.
  1822 | D:3      | Noticed Jessica
  1836 | D:3      | Killed Jessica
  1837 | D:3      | Gained mutation: Your natural rate of healing is unusually
                  | fast. [Vine Stalker growth]
  1837 | D:3      | Reached XP level 4. HP: 18/23 MP: 3/5
  2359 | D:3      | Reached XP level 5. HP: 24/26 MP: 6/6
  2364 | D:3      | Reached skill level 3 in Short Blades
  2825 | D:4      | Noticed Robin
  2853 | D:4      | Killed Robin
  2880 | D:4      | Found a runed translucent door.
  2881 | D:4      | Noticed Crazy Yiuf
  2946 | D:4      | Noticed a kobold brigand
  3068 | D:4      | Reached skill level 4 in Short Blades
  3069 | D:4      | Reached XP level 6. HP: 30/30 MP: 7/7
  3526 | D:4      | Killed Crazy Yiuf
  3527 | D:4      | Reached skill level 5 in Short Blades
  3548 | D:4      | Identified the +7 hammer "Bippung" {holy, *Rage rF+ Dex+4}
  3584 | D:5      | Entered Level 5 of the Dungeon
  3757 | D:5      | Found a staircase to the Ecumenical Temple.
  3795 | Temple   | Entered the Ecumenical Temple
  4176 | Temple   | Became a worshipper of Makhleb the Destroyer
  4320 | D:5      | Noticed a black bear
  4343 | D:5      | Killed a black bear
  4344 | D:5      | Reached XP level 7. HP: 34/34 MP: 8/8
  4366 | D:5      | Reached skill level 6 in Short Blades
  4585 | D:5      | Reached skill level 7 in Short Blades
  4604 | D:5      | Gained mutation: You have razor-sharp teeth. [Vine Stalker
                  | growth]
  4604 | D:5      | Reached XP level 8. HP: 35/39 MP: 7/9
  4671 | D:5      | Identified the +2 robe "Kinitouv" {-Cast rN+ Will+ SInv}
  5001 | D:6      | Reached * piety under Makhleb
  5002 | D:6      | Reached skill level 8 in Short Blades
  5382 | D:6      | Reached skill level 9 in Short Blades
  5726 | D:6      | Learned a level 2 spell: Ensorcelled Hibernation
  5978 | D:7      | Reached XP level 9. HP: 41/42 MP: 8/10
  6088 | D:7      | Reached skill level 5 in Ice Magic
  6275 | D:7      | Found a large runed translucent door.
  6278 | D:7      | Found a large runed translucent door.
  6324 | D:7      | Found a corrupted altar of Lugonu.
  6386 | D:7      | Found a one-way gate to the infinite horrors of the Abyss.
  6848 | D:8      | HP: 1/33 [wight/+4 hand axe (1)]
  6849 | D:8      | Slain by a wight

Illustrated notes

Levels and vault maps discovered:
D:1:      spicycebolla_green_bress_n_ham, layout_loops_cross, serial_aquarium,
          aquarium_bridge_square [aquarium_subvault_balcony,
          aquarium_subvault_bridge, aquarium_subvault_bridge,
          aquarium_subvault_balcony], aquarium_bridge_square
          [aquarium_subvault_bridge, aquarium_subvault_wall,
          aquarium_subvault_window, aquarium_subvault_wall], aquarium_window_1,
          aquarium_window_fake, aquarium_window_fake, aquarium_window_1,
          aquarium_view_2d, aquarium_balcony_1b, chequers_jeans,
          minmay_lizard_king
D:2:      minmay_spotlight, layout_basic, ebering_ecumenical_altar_webs,
          basic_altar
D:3:      layout_basic, grunt_decor_junction, cheibrodos_gnoll_hut, uniq_jessica
D:4:      layout_loops_ring, lexackson_kobold_supper, uniq_crazy_yiuf_cottage,
          uniq_robin
D:5:      layout_rooms, minmay_temple_entry_glassed_door, nicolae_eternal_life
D:6:      minmay_evil_eye, layout_basic, minmay_misc_feat_pillars,
          kennysheep_generic_room_16
D:7:      due_chaos_kobolds, layout_rooms
D:8:      layout_loops_ring, kennysheep_little_box, david_lair_generic
Temple:   roderic_octagonal_lattice_temple

Skill      XL: |  1  2  3  4  5  6  7  8  9 |
---------------+----------------------------+-----
Dodging        | 1 |  1.0
Short Blades   | 2 4 5 7 9 |  9.0
Stealth        | 5 6 7 |  7.0
Ice Magic      | 4 6 |  6.9
Fighting       | |  1.9
Throwing       | |  1.9

Action                   |  1- 3 |  4- 6 |  7- 9 || total
-------------------------+-------+-------+-------++-------
Melee: Dagger            |    77 |   170 |   201 ||   448
       Bite              |    14 |    59 |    76 ||   149
       Punch             |       |     1 |     3 ||     4
Throw: Dart              |     2 |     5 |       ||     7
 Cast: Ensorcelled Hiber |       |       |     1 ||     1
Evoke: Wand              |       |     2 |    12 ||    14
  Use: Potion            |       |       |     2 ||     2
       Scroll            |       |       |     1 ||     1
 Stab: Sleeping          |     9 |     9 |    12 ||    30
       Distracted        |       |     3 |       ||     3
Armor: Robe              |    12 |    27 |       ||    39
       Leather armour    |       |     8 |    48 ||    56
       Steam dragon scal |       |       |     2 ||     2
Dodge: Dodged            |    47 |    89 |    62 ||   198

Table legend: (Time is in decaauts)
 A = Elapsed time spent in this place.
 B = Non-inter-level travel time spent in this place.
 C = Inter-level travel time spent in this place.
 D = Time resting spent in this place.
 E = Time spent auto-exploring this place.
 F = Levels seen in this place.
 G = Mean time per level.
                   A        B        C        D        E       F      G
               +--------+--------+--------+--------+--------+-----+--------+
         Total |   6729 |   6364 |    365 |    439 |   4768 |   9 |  747.7 |
       Dungeon |   6329 |   6006 |    323 |    439 |   4433 |   8 |  791.1 |
        Temple |    399 |    358 |     41 |      0 |    335 |   1 |  399.0 |
               +--------+--------+--------+--------+--------+-----+--------+

Top non-repeatable levels by time:
     D:1: 1166 daAuts
     D:4: 1146 daAuts
     D:6: 1070 daAuts
     D:7: 834 daAuts
     D:3: 766 daAuts
     D:2: 611 daAuts
     D:5: 605 daAuts
  Temple: 399 daAuts
     D:8: 127 daAuts
